Unix NetHack Version 5.0.0-0 post-release - last build May  4 2026 22:22:43 (774f63e81ad911689b3a0859ea89b322d5daca8d,branch:main).

Game began 2026-05-08 05:41:34, ended 2026-05-08 05:56:13.

31245981910, neutral female gnomish Wizard

                                                          ---------
                           -------           -------      |.......|
                           |.....|           |.....|      |.......|
                           |.....|           |.....|      |.......|
                           |_....|           |.....|     #-.......|
                           |......#         #......-######|.....(.|
                           |.....|#    #    #|.....|      |.......|
                           -+-----#    #    #-------      --.------
                            #   ########    #               #
                          `########         #               #
    ---------------       #      #          ##              ####        ----
    |.............|       #      #           #              ---.-      |.!!|
    |>............|########    ###           #              |...|    ##-.!!|
    |.............-#           #             #              |...|    # |.!!|
    |.............|            %-------------#              |....#####  .!!|
    ---------------            #|.......fo..-#              -----        !!|
                               #.......d@e..|                            ---
                                |.....<......######
                                -------------

31245981910 the Conjurer  St:12 Dx:12 Co:12 In:19 Wi:11 Ch:11  Neutral
Dlvl:3  $:62 HP:0(23) Pw:19(19) AC:9  Xp:3 T:1792  Hungry  

Latest messages:
 The kitten bites the gecko.
 The kitten bites the gecko.
 The gecko is killed!
 You hear someone counting gold coins.
 You miss the floating eye.
 You are frozen by the floating eye's gaze!
 The kitten bites the manes.
 The manes misses the kitten.
 The manes hits the kitten.
 The manes misses the kitten.
 The kitten misses the manes.
 The kitten bites the manes.
 The manes misses the kitten.
 The manes misses the kitten.
 The manes bites the kitten.
 The kitten misses the manes.
 The kitten misses the manes.
 The manes hits!
 The manes hits again!
 The manes bites!
 The kitten misses the manes.
 The kitten bites the manes.
 The manes is destroyed!
 The kitten misses the floating eye.
 The kitten is frozen by the floating eye's gaze!
 The jackal bites!
 The jackal bites!
 The jackal bites!
 The jackal bites!
 The jackal bites!
 The jackal bites!
 The jackal bites!
 The jackal bites!
 The jackal bites!
 The jackal bites!
 The jackal bites!
 The jackal bites!
 The jackal bites!
 The jackal bites!
 The jackal bites!
 The jackal bites!
 The hobgoblin wields a curved sword!
 The jackal bites!
 The jackal bites!
 You die...
 Do you want your possessions identified? [ynq] (y) y
 Do you want to see your attributes? [ynq] (y) y
 Do you want an account of creatures vanquished? [ynaq] (y) y
 Do you want to see your conduct and achievements? [ynq] (y) y
 Do you want to see the dungeon overview? [ynq] (y) y

Inventory:
 Coins    ('$')
  $ - 62 gold pieces
 Weapons  (')')
  a - a blessed +1 quarterstaff (weapon in hands)
 Armor    ('[')
  b - an uncursed +0 cloak of magic resistance (being worn)
 Comestibles  ('%')
  s - an uncursed slime mold
 Scrolls  ('?')
  r - an uncursed scroll of enchant weapon
  i - an uncursed scroll of gold detection
  j - an uncursed scroll of light
  k - an uncursed scroll of punishment
 Spellbooks  ('+')
  l - a blessed spellbook of force bolt
  m - an uncursed spellbook of remove curse
 Potions  ('!')
  f - an uncursed potion of gain level
  g - 2 uncursed potions of healing
  h - an uncursed potion of levitation
 Rings    ('=')
  d - an uncursed ring of protection from shape changers
  e - an uncursed ring of see invisible
 Wands    ('/')
  c - a wand of create monster (0:14)
 Tools    ('(')
  o - an uncursed blindfold
  n - a magic marker (0:19)

31245981910 the Wizard's attributes:

Background:
 You were a Conjurer, a level 3 female gnomish Wizard.
 You were neutral, nominally on a mission for Thoth
 who was opposed by Ptah (lawful) and Anhur (chaotic).
 You were right-handed.
 You were in the Dungeons of Doom, on level 3.
 You entered the dungeon 1792 turns ago.
 It was nighttime.
 You had 65 experience points, 15 more were needed to attain level 4.

Basics:
 You had 0 out of 23 hit points.
 You had all 19 energy points (spell power).
 Your armor class was 9.
 Your wallet contained 62 zorkmids.
 Autopickup was off.

Final Characteristics:
 Your strength was 12 (limit:18/50).
 Your dexterity was 12 (limit:18).
 Your constitution was 12 (limit:18).
 Your intelligence was 19 (limit:19).
 Your wisdom was 11 (limit:18).
 Your charisma was 11 (limit:18).

Final Status:
 You were hungry.
 You were unencumbered.
 You were wielding a quarterstaff.
 You had basic skill with quarterstaff.

Final Attributes:
 You were devoutly aligned.
 You were magic-protected.
 You had infravision.
 You were warded.
 You are dead.

Miscellaneous:
 You didn't encounter any bones levels.
 Total elapsed playing time was 14 minutes and 35 seconds.

Major events:
 Turn
    1: 31245981910 the neutral female gnomish Wizard entered the dungeon
  781: entered the Gnomish Mines
  845: attained the rank of Conjurer (level 3)
 1792: killed by a jackal, while frozen by a floating eye's gaze

Spells:
 Name                 Level Category     Fail Retention
 force bolt             1   attack         0%  91%-100%
 remove curse           3   clerical      72%  76%-100%

Skills:
 Fighting Skills
   bare handed combat [Unskilled]
   riding             [Unskilled]
 Weapon Skills
   dagger             [Unskilled]
   knife              [Unskilled]
   axe                [Unskilled]
   short sword        [Unskilled]
   club               [Unskilled]
   mace               [Unskilled]
   quarterstaff       [Basic]
   polearms           [Unskilled]
   spear              [Unskilled]
   trident            [Unskilled]
   sling              [Unskilled]
   dart               [Unskilled]
   shuriken           [Unskilled]
 Spellcasting Skills
   attack spells      [Basic]
   healing spells     [Unskilled]
   divination spells  [Unskilled]
   enchantment spells [Basic]
   clerical spells    [Unskilled]
   escape spells      [Unskilled]
   matter spells      [Unskilled]

Voluntary challenges:
 Character rerolling was not enabled.
 You were an atheist.
 You were illiterate.
 You never genocided any monsters.
 You never polymorphed an object.
 You never changed form.
 You used no wishes.
Achievements:
 You entered a shop.
 You entered the Gnomish Mines.
 You attained the rank of Conjurer.

 The Dungeons of Doom: levels 1 to 3
    Level 1:
    Level 2:
       A general store.
       Stairs down to The Gnomish Mines.
    Level 3: <- You were here.
       A potion shop, an altar.
       Final resting place for
          you, killed by a jackal, while frozen by a floating eye's gaze.
 The Gnomish Mines:
    Level 3:


Vanquished creatures:
  a floating eye
  a gas spore
  a hobbit
  a manes
  2 cave spiders
  a green mold
  a gnome zombie
  2 geckos
  a kobold
  3 goblins
  a sewer rat
  3 grid bugs
  a bat
  2 lichens
  a kobold zombie
  3 newts
25 creatures vanquished.

No species were genocided or became extinct.

Game over:
                       ----------
                      /          \
                     /    REST    \
                    /      IN      \
                   /     PEACE      \
                  /                  \
                  |   31245981910    |
                  |      62 Au       |
                  |   killed by a    |
                  |      jackal      |
                  |                  |
                  |                  |
                  |       2026       |
                 *|     *  *  *      | *
        _________)/\\_//(\/(/\)/\//\/|_)_______

Goodbye 31245981910 the Wizard...

You died in The Dungeons of Doom on dungeon level 3 with 416 points,
and 62 pieces of gold, after 1792 moves.
You were level 3 with a maximum of 23 hit points when you died.

